 Dungeon Crawl Stone Soup version 0.30.1-11-g7821555f0a (webtiles) character file.

Game seed: 13235225246560914386

10767 Wiggles the Cleaver (level 11, -3/100 HPs)
             Began as a Minotaur Berserker on Nov 16, 2023.
             Was a High Priest of Trog.
             Slain by a shadow (11 damage)
             ... on level 10 of the Dungeon.
             The game lasted 00:13:57 (10669 turns).

Wiggles the Cleaver (Minotaur Berserker)           Turns: 10669, Time: 00:13:57

Health: -3/100     AC: 25    Str: 26    XL:     11   Next: 40%
Magic:  10/10      EV:  9    Int:  4    God:    Trog [*****.]
Gold:   428        SH: 11    Dex: 16    Spells: 10/10 levels left

rFire   + . .        y - +1 war axe
rCold   + . .        b - +1 kite shield of a sewer {Will+}
rNeg    . . .        w - +0 plate armour
rPois   +            (helmet restricted)
rElec   +            a - +2 cloak {rPois}
rCorr   +            c - +2 pair of gloves
SInv    .            o - +2 pair of boots
Will    +....        (no amulet) Stlth
                     m - +6 ring of dexterity
HPRegen 0.36/turn    (no ring)
MPRegen 0.12/turn

%: no passive effects
@: resistant
A: horns 2, retaliatory headbutt
a: Renounce Religion, Berserk, Trog's Hand, Brothers in Arms


You were on level 10 of the Dungeon.
You worshipped Trog.
Trog was extremely pleased with you.
You visited 1 branch of the dungeon, and saw 11 of its levels.

You collected 428 gold pieces.

Inventory:

Hand Weapons
 n - a +0 battleaxe
 y - a +1 war axe (weapon)
Missiles
 e - 6 throwing nets (quivered)
Armour
 a - a +2 cloak of poison resistance (worn)
 b - the +1 kite shield of a sewer (worn) {Will+}
   (You acquired it on level 6 of the Dungeon)

   Will:      It increases your willpower.
 c - a +2 pair of gloves (worn)
 o - a +2 pair of boots (worn)
 w - a +0 plate armour (worn)
Jewellery
 m - a +6 ring of dexterity (left hand)
Wands
 C - a wand of roots (10)
 E - a wand of flame (8)
Scrolls
 d - a scroll of poison
 g - 3 scrolls of silence
 j - 2 scrolls of teleportation
 k - 2 scrolls of magic mapping
 v - a scroll of acquirement
 D - 2 scrolls of identify
 F - a scroll of noise {unknown}
Potions
 f - a potion of invisibility
 h - 2 potions of degeneration
 i - 4 potions of attraction
 p - 7 potions of curing
 q - 2 potions of cancellation
 r - a potion of ambrosia {unknown}
 s - a potion of heal wounds {unknown}
 t - a potion of haste {unknown}
 u - 2 potions of berserk rage
 x - a potion of lignification {unknown}
 z - a potion of magic {unknown}
 B - a potion of brilliance {unknown}


   Skills:
 + Level 10.3 Fighting
 + Level 14.4 Axes
 + Level 10.8 Armour
 + Level 4.9 Dodging
 + Level 1.6 Stealth
 + Level 5.9 Shields


You had 10 spell levels left.
You didn't know any spells.
Your spell library was empty.

Dungeon Overview and Level Annotations

Branches:
Dungeon (11/15)            Temple (0/1) D:6            Lair (0/5) D:9
    Orc (0/2) D:11

Altars:
Elyvilon
Makhleb
Okawaru
Vehumet
Xom
The Shining One

Shops:
D:3 [   D:5 :

Annotations:
D:10 Sonja


Innate Abilities, Weirdness & Mutations

You have a pair of horns on your head.
You reflexively headbutt those who attack you in melee.


Message History

Blink to where?
Press: ? - help, Dir - move target
Found a stone staircase leading down.
As you read the scroll of blinking, it crumbles to dust.
It was a potion of resistance.
You feel protected. You block the shadow's attack.
As you read the scroll of fear, it crumbles to dust.
You assume a fearsome visage.
The shadow is unaffected.
The orc wizard looks frightened!
Sonja looks frightened!
The yak looks frightened! x2; The two-headed ogre looks frightened!
You block the shadow's attack.
Sonja mumbles some strange words.
Sonja blinks!
The orc wizard mumbles some strange words.
The orc wizard flickers and vanishes!
Deactivating autopickup; reactivate with Ctrl-A.
The shadow attacks as you move away! The shadow barely misses you.
You furiously retaliate!
You headbutt the shadow!
Sonja casts a spell.
Sonja blinks!
Sonja gestures wildly while chanting.
Sonja blinks!
You block the shadow's attack.
Sonja mumbles some strange words.
Sonja blinks!
The shadow attacks as you move away! The shadow closely misses you.
You furiously retaliate!
You headbutt the shadow, but do no damage.
Cornered, the yak turns to fight!
Sonja mumbles some strange words.
Sonja blinks!
Sonja casts a spell.
Sonja blinks!
The shadow slips into darkness.
The shadow flickers and vanishes!
Cornered, the two-headed ogre turns to fight!
Cornered, the yak turns to fight!
The shadow strikes at you from the darkness!
You die...

#.#. #.#. #.#. #. ####.#.
###. #...... #...#########
######.#####
#....##...###......####
#....#....8...........#
###......@..........###.##
##.......8.<....?..........
..............§.....###.#.#
....>...#....8....))# #.#.#
.......Y##..Y###.#~####.#.#
##.........O## #.~≈........
######.########Y~~.~.....#
#Y#...##≈~.~..~......
#{Y...o.K..~.~~......


You could see a two-headed ogre and 2 yaks.

Vanquished Creatures
  Harold (D:9)
  A two-headed ogre (D:8)
  A manticore (D:9)
  Maggie (D:6)
  2 kobold demonologists (D:9)
  2 komodo dragons (D:9)
  A troll (D:11)
  Grinder (D:6)
  13 yaks
  Duvessa (D:7)
  2 water moccasins
  2 black bears
  6 orc warriors
  3 ice beasts
  2 ogres (D:5)
  3 centaurs
  3 phantoms
  2 kobold brigands
  A bullfrog (D:7)
  3 gnoll sergeants
  3 scorpions
  Dowan (D:7)
  4 wights (D:9)
  6 howler monkeys
  An electric eel (D:10)
  A jelly (D:6)
  5 hounds
  5 orc priests
  Crazy Yiuf (D:6)
  An iguana (D:4)
  Jessica (D:2)
  7 orc wizards
  3 ogre zombies (D:11)
  Robin (D:3)
  10 adders
  18 gnolls
  2 shadow imps
  2 white imps
  4 worms
  3 dart slugs
  34 orcs
  5 endoplasms
  2 giant cockroaches
  20 goblins
  7 hobgoblins
  20 kobolds
  2 quokkas
  5 ball pythons
  8 bats
  5 frilled lizards
  2 goblin zombies (D:11)
  A hobgoblin skeleton (D:11)
  A hobgoblin zombie (D:11)
  4 orc skeletons (D:11)
  13 orc zombies (D:11)
  5 rats
264 creatures vanquished.

Vanquished Creatures (collateral kills)
  2 boulder beetles (D:11)
  A shadow (D:11)
  2 troll zombies (D:11)
  3 ogre zombies (D:11)
  A goblin skeleton (D:11)
  A hobgoblin skeleton (D:11)
  2 orc zombies (D:11)
12 creatures vanquished.

Vanquished Creatures (others)
  2 orcs (D:10)
2 creatures vanquished.

Grand Total: 278 creatures vanquished

Notes
Turn   | Place    | Note
-------+----------+-------------------------------------------
     0 | D:1      | Wiggles the Minotaur Berserker began the quest for the Orb.
     0 | D:1      | Reached XP level 1. HP: 19/19 MP: 0/0
   204 | D:1      | Reached XP level 2. HP: 27/27 MP: 1/1
   205 | D:1      | Reached skill level 4 in Axes
   446 | D:1      | Found a faded altar of an unknown god.
   649 | D:1      | Reached ** piety under Trog
  1075 | D:2      | Reached XP level 3. HP: 33/33 MP: 2/2
  1595 | D:2      | Noticed Jessica
  1600 | D:2      | Killed Jessica
  1601 | D:2      | Reached XP level 4. HP: 41/41 MP: 3/3
  2082 | D:3      | Reached skill level 5 in Axes
  2292 | D:3      | Found a burning altar of Makhleb.
  2300 | D:3      | Noticed Robin
  2309 | D:3      | Reached XP level 5. HP: 47/47 MP: 4/4
  2313 | D:3      | Killed Robin
  2672 | D:3      | Reached *** piety under Trog
  2718 | D:3      | Found Dukliss's Armour Boutique.
  3386 | D:4      | Reached XP level 6. HP: 53/53 MP: 5/5
  3430 | D:4      | Reached skill level 6 in Axes
  3900 | D:4      | Reached skill level 5 in Fighting
  4007 | D:4      | Found an iron altar of Okawaru.
  4180 | D:5      | Entered Level 5 of the Dungeon
  4229 | D:5      | Found Asowk's Book Shoppe.
  4341 | D:5      | Noticed an ice beast
  4348 | D:5      | Killed an ice beast
  4349 | D:5      | Reached skill level 7 in Axes
  4349 | D:5      | Reached skill level 5 in Armour
  4349 | D:5      | Reached XP level 7. HP: 35/61 MP: 6/6
  4619 | D:5      | Reached skill level 8 in Axes
  4721 | D:5      | Reached XP level 8. HP: 24/70 MP: 7/7
  5519 | D:6      | Found a glowing golden altar of the Shining One.
  5633 | D:6      | Found a staircase to the Ecumenical Temple.
  5639 | D:6      | Noticed Maggie
  5661 | D:6      | Killed Maggie
  5662 | D:6      | Reached skill level 9 in Axes
  5662 | D:6      | Reached skill level 1 in Stealth
  6566 | D:6      | Noticed Grinder
  6585 | D:6      | Killed Grinder
  6586 | D:6      | Reached XP level 9. HP: 48/78 MP: 8/8
  6770 | D:6      | Found a runed translucent door.
  6771 | D:6      | Noticed Crazy Yiuf
  6778 | D:6      | Killed Crazy Yiuf
  6779 | D:6      | Reached skill level 10 in Axes
  7001 | D:6      | Identified a scroll of acquirement
  7001 | D:6      | Acquired the +1 kite shield of a sewer {Will+}
  7046 | D:7      | HP: 3/79 [gnoll sergeant/+0 trident (3)]
  7049 | D:7      | Reached **** piety under Trog
  7321 | D:7      | Noticed Duvessa
  7321 | D:7      | Noticed Dowan
  7333 | D:7      | Killed Dowan
  7334 | D:7      | Killed Duvessa
  8100 | D:8      | Reached skill level 11 in Axes
  8100 | D:8      | Reached skill level 1 in Shields
  8640 | D:8      | Noticed a two-headed ogre
  8642 | D:8      | Found a white marble altar of Elyvilon.
  8651 | D:8      | Killed a two-headed ogre
  8652 | D:8      | Reached XP level 10. HP: 45/90 MP: 9/9
  8977 | D:8      | Found a radiant altar of Vehumet.
  9273 | D:9      | Reached skill level 12 in Axes
  9385 | D:9      | Identified the +6 dagger "Xiahot" {vamp, Dex+3}
  9423 | D:9      | Noticed a sixfirhy
  9426 | D:9      | Noticed a soul eater
  9437 | D:9      | Reached skill level 10 in Armour
  9522 | D:9      | Found a staircase to the Lair.
  9556 | D:9      | Reached ***** piety under Trog
  9698 | D:9      | Noticed a manticore
  9703 | D:9      | Killed a manticore
  9907 | D:9      | Noticed Harold
  9910 | D:9      | Reached skill level 5 in Shields
  9915 | D:9      | Reached skill level 13 in Axes
  9925 | D:9      | Killed Harold
  9939 | D:9      | Reached XP level 11. HP: 95/97 MP: 10/10
 10094 | D:9      | You fall into a shaft and drop 2 floors!
 10094 | D:11     | Found a shimmering altar of Xom.
 10104 | D:11     | Found a staircase to the Orcish Mines.
 10125 | D:11     | Noticed a boulder beetle
 10135 | D:11     | Killed a boulder beetle
 10190 | D:11     | Noticed a boulder beetle
 10207 | D:11     | Killed a boulder beetle
 10208 | D:11     | Reached skill level 10 in Fighting
 10208 | D:11     | Reached skill level 14 in Axes
 10558 | D:10     | Entered Level 10 of the Dungeon
 10641 | D:10     | Noticed Sonja
 10651 | D:10     | Noticed a two-headed ogre
 10656 | D:10     | HP: 4/100 [Sonja/+2 short sword of distortion (4)]
 10669 | D:10     | Slain by a shadow

Illustrated notes

Levels and vault maps discovered:
D:1:      doesnt_arrival_eight_statues, layout_loops_ring,
          hellmonk_ecumenical_altar_prayer_group, lexackson_kobold_supper
D:2:      layout_basic, uniq_jessica
D:3:      layout_loops_corners, general_overflow_altar, serial_shops, shop,
          serial_co_window_serial, co_window_paths_a,
          co_window_of_opportunity_a, co_window_corner_a,
          co_window_of_opportunity_a, co_window_corner_a, co_window_corner_a,
          co_window_paths_b, co_window_corner_b, co_window_broadway_c,
          co_window_2corner, co_window_broadway_a, co_window_of_opportunity_b,
          co_window_unsneaky_path_d, co_window_2corner, glass_columns_a,
          glass_columns_a, glass_columns_a, glass_columns_c, uniq_robin
D:4:      layout_layer_cave, overflow_temple_1_default, hangedman_decor_growths,
          minmay_bisected
D:5:      layout_loops_ring, serial_shops, shop
D:6:      layout_loops_corners, tso_metal_star, minmay_temple_entry_wispy,
          uniq_maggie, uniq_grinder, uniq_crazy_yiuf_cottage
D:7:      layout_basic, uniq_duvessa
D:8:      layout_loops_corners, mainiacjoe_overflow_cross_hatched,
          old_standard_altar, amcnicky_mini_rare_corridor_liquid
D:9:      layout_basic, grunt_lair_entry_orc_guard_hut, uniq_harold
D:10:     layout_basic, muffindrake_ghost_dual_entry, grunt_ministairs_1,
          lemuel_flamethrower_2, uniq_sonja
D:11:     layout_irregular_city, zombieorc2_lemuel, xom_redecorated

Skill      XL: |  1  2  3  4  5  6  7  8  9 10 11 |
---------------+----------------------------------+-----
Axes           | 4 5 7 8 9 11 13 14 | 14.4
Fighting       | 4 5 6 8 9 10 | 10.3
Dodging        | 3 4 |  4.9
Armour         | 3 4 5 6 8 9 10 | 10.8
Stealth        | 1 |  1.6
Shields        | 3 5 |  5.9

Action                     |  1- 3 |  4- 6 |  7- 9 | 10-12 || total
---------------------------+-------+-------+-------+-------++-------
  Melee: Hand axe          |   104 |   120 |   101 |       ||   325
         Headbutt          |     9 |    25 |    47 |    53 ||   134
         Punch             |       |     2 |       |       ||     2
         War axe           |       |       |   133 |   198 ||   331
 Invoke: Berserk           |     2 |     1 |     4 |     2 ||     9
         Brothers in Arms  |       |       |       |     2 ||     2
    Use: Scroll            |       |       |    15 |     9 ||    24
         Potion            |       |       |       |     1 ||     1
 Armour: Animal skin       |    26 |       |       |       ||    26
         Ring mail         |     8 |     4 |       |       ||    12
         Chain mail        |       |    55 |    98 |       ||   153
         Plate armour      |       |       |    28 |   122 ||   150
  Dodge: Dodged            |    59 |    59 |   100 |    86 ||   304
  Block: Kite shield       |       |       |    56 |   143 ||   199
